 Dungeon Crawl Stone Soup version 0.20.1-1-g8b1a95d66d (webtiles) character file.

1904 Ivernyr the Archer (level 8, -2/68 HPs)
             Began as a Centaur Hunter on Dec 10, 2017.
             Was an Initiate of Okawaru.
             Shot with an arrow by a centaur (9 damage)
             ... on level 6 of the Dungeon.
             The game lasted 00:19:21 (7823 turns).

Ivernyr the Archer (Centaur Hunter)                 Turns: 7823, Time: 00:19:21

Health: -2/68      AC:  6    Str: 14    XL:     8   Next: 94%
Magic:  8/8        EV: 12    Int: 10    God:    Okawaru [......]
Gold:   261        SH:  0    Dex: 15    Spells: 7/7 levels left

rFire    . . .     SeeInvis .   a - +1 shortbow
rCold    . . .     Gourm    .   (shield currently unavailable)
rNeg     . . .     Faith    .   o - +0 robe
rPois    .         Spirit   .   (no helmet)
rElec    .         Reflect  .   (no cloak)
rCorr    .         Harm     .   (no gloves)
MR       .....                  (no barding)
Stlth    +.........             (no amulet)
Regen    0.3/turn               (no ring)
MPRegen  0.2/turn               (no ring)

@: invisible, very quick
A: hooves 3, molten scales 1, agile 1, deformed body, speed 2, tough skin 3
a: Renounce Religion


You were on level 6 of the Dungeon.
You worshipped Okawaru.
Okawaru was noncommittal.
You were hungry.

You visited 2 branches of the dungeon, and saw 7 of its levels.

You collected 261 gold pieces.

Inventory:

Hand Weapons
 a - a +1 shortbow (weapon)
Missiles
 d - 95 arrows (quivered)
Armour
 o - a +0 robe (worn)
Scrolls
 e - 2 scrolls of magic mapping {unknown}
 h - 3 scrolls of remove curse
 k - 2 scrolls of amnesia {unknown}
 l - a scroll of enchant armour {unknown}
 m - 5 scrolls of teleportation
 p - 2 scrolls of recharging {unknown}
 r - 3 scrolls of blinking {unknown}
 t - a scroll of fog {unknown}
 y - 3 scrolls of identify {unknown}
Potions
 b - a potion of heal wounds {unknown}
 c - 2 potions of invisibility
 g - a potion of curing {unknown}
 i - a potion of resistance {unknown}
 j - a potion of brilliance {unknown}
 n - a potion of haste {unknown}
 q - a potion of berserk rage {unknown}
 v - a potion of degeneration {unknown}
 w - a potion of might {unknown}
 x - a potion of agility {unknown}
 A - a potion of magic {unknown}
Comestibles
 f - 6 bread rations
 s - 2 meat rations
 z - 2 royal jellies
 B - 7 fruits


   Skills:
 + Level 5.2 Fighting
 * Level 10.9 Bows
 + Level 4.0 Dodging
 - Level 0.4 Stealth
 + Level 5.2 Unarmed Combat


You had 7 spell levels left.
You didn't know any spells.

Dungeon Overview and Level Annotations

Branches:
Dungeon (6/15)             Temple (1/1) D:6

Altars:
Ashenzari
Dithmenos
Fedhas
Gozag
Hepliaklqana
Kikubaaqudgha
Makhleb
Okawaru
Qazlal
Ru
Sif Muna
Trog
Vehumet
Xom
Yredelemnul
Zin
The Shining One

Shops:
D:5 ?


Innate Abilities, Weirdness & Mutations

You have hooves in place of feet.
Armour fits poorly on your strangely shaped body.
You cover ground very quickly.
You have extremely tough skin. (AC +3)
You are partially covered in molten scales. (AC +2)
You are agile. (Dex +2)


Message History

You shoot an arrow. The arrow hits the centaur.
The centaur is lightly wounded.
The centaur shoots an arrow.
The arrow hits you!
Firing (i - inventory):
d - 96 arrows (quivered)
Press: ? - help, Shift-Dir - straight line, f/p - centaur
Aim: a centaur, wielding a shortbow (lightly wounded)
You shoot an arrow.
The arrow hits the centaur but does no damage.
The centaur is lightly wounded.
The centaur shoots an arrow.
The arrow hits you!
* * * LOW HITPOINT WARNING * * *
The centaur shoots an arrow.
The arrow barely misses you.
The centaur shoots an arrow.
The arrow hits you!
* * * LOW HITPOINT WARNING * * *
Things that are here:
an arrow; an enchanted war axe; a robe It was a potion of invisibility.
You fade into invisibility!
The centaur shoots an arrow.
The arrow hits you!
You die...

##.## #.......# #.###.####># #.#
#####.### #.....##...# #.# #.#
#.>...##.#.# ##'## #.#
#.....##.... ##...##
####.#####.....##..⌠. #.....##
#........#.....##...) .......##
##.#...##.###.##.#⌠.>.
........####.......#.###.#.(.....
........'....<((@.()((c(()).(((⌠(
........####.......#.###.#.......
.......## ##.#...##.##...#.###..
#.....## #.##)###.###..### ###
##...## #........# ##.# ##'##
####.##### #.# #.# #.# #.# ###.#
#.# ... ..#.## #.# ..


You could see a centaur.

Vanquished Creatures
  Edmund (D:4)
  A sky beast (D:6)
  2 ice beasts
  A phantom (D:5)
  2 black bears
  An ogre (D:5)
  2 centaurs (D:6)
  Blork the orc (D:6)
  A gnoll sergeant (D:6)
  A scorpion (D:4)
  4 wights (D:6)
  2 crimson imps (D:6)
  A centaur zombie (D:6)
  A gnoll shaman (D:6)
  4 orc priests
  A bullfrog skeleton (D:5)
  A hound (D:5)
  2 orc wizards
  A worker ant (D:4)
  A hound zombie (D:4)
  A worker ant zombie (D:5)
  A howler monkey zombie (D:6)
  9 adders
  7 gnolls (D:6)
  A shadow imp (D:5)
  2 oozes
  5 worms
  2 dart slugs (D:3)
  2 leopard geckos
  5 orcs
  A ball python (D:2)
  7 bats
  4 giant cockroaches
  2 goblins
  9 hobgoblins
  5 jackals
  A quokka (D:6)
  6 frilled lizards
  5 kobolds
  9 rats
115 creatures vanquished.

Notes
Turn   | Place    | Note
-------+----------+-------------------------------------------
     0 | D:1      | Ivernyr the Centaur Hunter began the quest for the Orb.
     0 | D:1      | Reached XP level 1. HP: 17/17 MP: 1/1
   813 | D:1      | Reached XP level 2. HP: 21/24 MP: 2/2
  1346 | D:2      | Reached skill level 1 in Unarmed Combat
  1525 | D:2      | Reached XP level 3. HP: 30/30 MP: 3/3
  1834 | D:2      | Found a stormy altar of Qazlal.
  2840 | D:2      | Reached skill level 6 in Bows
  2840 | D:2      | Reached XP level 4. HP: 29/37 MP: 4/4
  3050 | D:2      | Reached XP level 5. HP: 23/44 MP: 5/5
  3549 | D:3      | Reached skill level 7 in Bows
  4362 | D:4      | Reached XP level 6. HP: 51/51 MP: 6/6
  4732 | D:4      | Found an opulent altar of Gozag.
  4931 | D:4      | Noticed Edmund
  4989 | D:4      | Killed Edmund
  5064 | D:4      | Reached skill level 8 in Bows
  5287 | D:5      | Entered Level 5 of the Dungeon
  5313 | D:5      | Noticed an ice beast
  5319 | D:5      | Killed an ice beast
  5319 | D:5      | Reached XP level 7. HP: 57/57 MP: 7/7
  6044 | D:5      | Reached skill level 9 in Bows
  6339 | D:5      | Found Zeaha's Magic Scroll Shop.
  6518 | D:6      | Noticed Blork the orc
  6535 | D:6      | Killed Blork the orc
  6535 | D:6      | Reached XP level 8. HP: 44/66 MP: 8/8
  7136 | D:6      | Reached skill level 10 in Bows
  7264 | D:6      | Gained mutation: You are agile. (Dex +2) [mutagenic meat]
  7265 | D:6      | Gained mutation: You are partially covered in molten scales. (AC +2) [mutagenic meat]
  7425 | D:6      | Reached skill level 5 in Fighting
  7485 | D:6      | Found a staircase to the Ecumenical Temple.
  7584 | Temple   | Entered the Ecumenical Temple
  7615 | Temple   | Became a worshipper of Warmaster Okawaru
  7648 | D:6      | Reached skill level 5 in Unarmed Combat
  7823 | D:6      | Shot with an arrow by a centaur

Skill      XL: |  1  2  3  4  5  6  7  8 |
---------------+-------------------------+-----
Unarmed Combat | 1 2 3 4 5 |  5.2
Bows           | 6 7 8 9 10 | 10.9
Dodging        | 2 3 4 |  4.0
Fighting       | 3 4 5 |  5.2
Stealth        | |  0.4

Action                   |  1- 3 |  4- 6 |  7- 9 || total
-------------------------+-------+-------+-------++-------
Melee: Unarmed           |   145 |   105 |   113 ||   363
       Kick              |    35 |    23 |    36 ||    94
       Punch             |       |     1 |     1 ||     2
 Fire: Shortbow          |     9 |    89 |   134 ||   232
  Use: Scroll            |       |       |     2 ||     2
       Potion            |       |       |     1 ||     1
 Stab: Sleeping          |     1 |     2 |       ||     3
  Eat: Chunk             |     4 |     7 |     8 ||    19
Armor: Skin              |     8 |       |       ||     8
       Robe              |    23 |    33 |    26 ||    82
Dodge: Dodged            |    49 |    60 |    54 ||   163
